 Dungeon Sprint DCSS version bcrawl-1.20 (webtiles) character file.

Game seed: 17277684228587513472

12710 Freyura the Stickfighter (level 11, -10/95 HPs)
             Began as a Demonspawn Gladiator on Jan 20, 2020.
             Was the Champion of Lugonu.
             Mangled by a naga warrior
             ... wielding a +0 war axe
              (19 damage)
             ... in the Dungeon (Sprint IX: "|||||||||||||||||||||||||||||").
             The game lasted 00:15:22 (2663 turns).

Freyura the Stickfighter (Demonspawn Gladiator)     Turns: 2663, Time: 00:15:22

Health: -10/95     AC: 22    Str: 14    XL:     11   Next: 66%
Magic:  21/21      EV: 14    Int: 16    God:    Lugonu [******]
Gold:   446        SH:  0    Dex: 19    Spells: 10/10 levels left

rFire    + + +     SeeInvis .   o - +4 lajatang
rCold    + . .     Gourm    .   (shield currently unavailable)
rNeg     . . .     Faith    .   u - +3 scale mail {rF+}
rPois    .         Spirit   .   q - +1 helmet {Int+3}
rElec    +         Reflect  .   g - scarf {repulsion}
rCorr    .         Harm     .   t - +1 pair of gloves
MR       .....     NoTele   +   p - +0 pair of boots
Stlth    ..........             (no amulet)
HPRegen  0.25/turn              s - +3 ring of strength
MPRegen  0.17/turn              v - ring "Haal Ell" {rElec rF+ rC+ Str-3 Int+4}

@: constricted, studying Staves, repel missiles
A: hooves 1, molten scales 3, powered by death 2, rot immunity
a: Bend Space, Banish, Corrupt, Renounce Religion


You were in the Dungeon.
You worshipped Lugonu.
Lugonu was exalted by your worship.
You were not hungry.

You visited 1 branch You collected 1881 gold pieces.
You spent 1435 gold pieces at shops.

Inventory:

Hand Weapons
 a - a +0 quarterstaff
 o - a +4 lajatang (weapon)
Missiles
 d - 5 throwing nets (quivered) {!f}
Armour
 c - the +0 Maxwell's etheric cage {RegenMP+ *Contam rElec Stlth-}
   (Lugonu gifted it to you in the Dungeon)

   It insulates you from electricity.
   It causes magical contamination when unequipped.
   It makes you less stealthy.
 g - a scarf of repulsion (worn)
 p - a +0 pair of boots (worn)
 q - a +1 helmet of intelligence (worn)
 t - a +1 pair of gloves (worn)
 u - a +3 scale mail of fire resistance (worn)
 B - a scarf of resistance
Jewellery
 b - an uncursed ring of protection from cold
 s - a +3 ring of strength (left hand)
 v - the ring "Haal Ell" (right hand) {rElec rF+ rC+ Str-3 Int+4}
   (You found it in the Dungeon)

   [ring of protection from cold]

   It affects your strength (-3).
   It affects your intelligence (+4).
   It protects you from fire.
   It protects you from cold.
   It insulates you from electricity.
Wands
 n - a wand of iceblast (10)
Scrolls
 k - 3 scrolls of blinking
 l - 4 scrolls of remove curse
 m - 2 scrolls of amnesia
 x - 3 scrolls of identify
 y - a scroll of fear
 C - a scroll of fog
Potions
 f - 6 potions of curing
 h - 3 potions of haste
 i - 4 potions of magic
 j - 2 potions of invisibility
 A - 4 potions of heal wounds
Books
 r - a manual of Staves
Comestibles
 e - 10 rations {!d}


   Skills:
 + Level 12.2 Fighting
 * Level 16.1 Staves
 - Level 4.8 Throwing
 + Level 11.1 Armour
 + Level 11.5 Dodging
 + Level 14.1 Invocations


You had 10 spell levels left.
You didn't know any spells.
Your spell library was empty.

Dungeon Overview and Level Annotations

Branches:
Dungeon (1/1)

Altars:
Cheibriados
Dithmenos
Elyvilon
Fedhas
Gozag
Hepliaklqana
Kikubaaqudgha
Lugonu
Makhleb
Nemelex Xobeh
Okawaru
Qazlal
Ru
Sif Muna
Trog
Uskayaw
Vehumet
Wu Jian
Xom
Yredelemnul
Zin
The Shining One
Beogh
Jiyva

Shops:
D =[=:


Innate Abilities, Weirdness & Mutations

You have large cloven feet.
You are completely covered in molten scales. (AC +4, rF+)
You regenerate health from kills.
You are immune to rotting.


Message History

The naga warrior hits you with a +0 war axe!!
* * * LOW HITPOINT WARNING * * *
The naga warrior constricts you.
You hit the naga warrior but do no damage.
The naga warrior is heavily wounded.
The naga warrior blinks!
The nagaraja hits you but does no damage.
You slash the naga warrior!
Space bends around the naga warrior.
The naga warrior is severely wounded.
The naga warrior closely misses you. The naga warrior constricts you.
The naga warrior blocks your attack.
The naga warrior is severely wounded.
A naga comes into view. It is wielding a +0 hand axe.
The nagaraja hits you with a +0 flail.
* * * LOW HITPOINT WARNING * * *
The naga warrior blocks your attack.
The naga warrior is severely wounded.
The naga shouts!
The naga warrior hits you with a +0 war axe!!
You die...

▓.............)..())††......))))
▓▓▓▓▓▓▓▓▓▓▓▓▓▓▓▓▓▓▓▓▓▓▓▓▓▓▓▓▓▓▓▓
▓...............................
▓.▓▓▓▓▓▓▓▓▓▓▓▓▓▓▓▓▓▓▓▓▓▓▓▓▓▓▓▓▓▓
▓.........'=.==.))))))))..[[[[[[
▓▓▓▓▓▓▓▓▓▓▓▓▓▓▓▓▓▓▓▓▓▓▓▓▓▓▓▓▓▓▓▓
▓...............................
▓.▓▓▓▓▓▓▓▓▓▓▓▓▓▓▓▓▓▓▓▓▓▓▓▓▓▓▓▓▓▓
▓.............N@NSNSS.N.
▓▓▓▓▓▓▓▓▓▓▓▓▓▓▓▓▓▓▓▓▓▓▓▓


You could see a naga warrior, a nagaraja, a naga ritualist, a shock serpent, 2
black mambas and a naga.

Vanquished Creatures
  Harold (D)
  A hydra (D)
  A rakshasa (D)
  A deep troll shaman (D)
  2 orc knights (D)
  A wizard (D)
  8 orc sorcerers (D)
  A slime creature (D)
  A black mamba (D)
  3 cane toads (D)
  A rime drake (D)
  A troll (D)
  A polar bear (D)
  A hippogriff (D)
  4 blink frogs (D)
  A wyvern (D)
  2 yaks (D)
  A vampire mosquito (D)
  6 orc warriors (D)
  2 porcupines (D)
  An ice beast (D)
  An eye of draining (D)
  2 sky beasts (D)
  3 wolves (D)
  2 ogres (D)
  A centaur (D)
  3 bullfrogs (D)
  A scorpion (D)
  2 orc priests (D)
  9 orc wizards (D)
  3 worker ants (D)
  An adder (D)
  A shadow imp (D)
  2 leopard geckos (D)
  7 orcs (D)
  A bat skeleton (D)
  A giant cockroach (D)
  A giant cockroach zombie (D)
  2 kobolds (D)
  A rat (D)
85 creatures vanquished.

Notes
Turn   | Place    | Note
-------+----------+-------------------------------------------
     0 | D        | Freyura the Demonspawn Gladiator began the quest for the
                  | Orb.
     0 | D        | Reached XP level 1. HP: 16/16 MP: 1/1
    16 | D        | Reached skill level 3 in Staves
   255 | D        | Noticed a worker ant
   255 | D        | Noticed a sky beast
   255 | D        | Noticed a sky beast
   255 | D        | Noticed a scorpion
   258 | D        | Killed a worker ant
   258 | D        | Reached skill level 4 in Staves
   258 | D        | Reached skill level 1 in Armour
   258 | D        | Gained mutation: You are partially covered in molten
                  | scales. (AC +2) [demonic ancestry]
   258 | D        | Reached XP level 2. HP: 24/24 MP: 2/2
   258 | D        | Gained mutation: You have large cloven feet. [demonic
                  | ancestry]
   258 | D        | Reached XP level 3. HP: 29/29 MP: 3/3
   261 | D        | Killed a sky beast
   261 | D        | Reached skill level 5 in Staves
   261 | D        | Reached XP level 4. HP: 37/37 MP: 4/4
   267 | D        | Killed a sky beast
   267 | D        | Reached skill level 6 in Staves
   267 | D        | Reached skill level 5 in Dodging
   267 | D        | Reached XP level 5. HP: 43/43 MP: 5/5
   271 | D        | Reached skill level 5 in Fighting
   271 | D        | Reached skill level 7 in Staves
   276 | D        | Found a roughly hewn altar of Beogh.
   276 | D        | Found a snail-covered altar of Cheibriados.
   276 | D        | Found a shadowy altar of Dithmenos.
   276 | D        | Found a white marble altar of Elyvilon.
   276 | D        | Found a blossoming altar of Fedhas.
   276 | D        | Found an opulent altar of Gozag.
   277 | D        | Found a hazy altar of Hepliaklqana.
   278 | D        | Found a viscous altar of Jiyva.
   279 | D        | Found an ancient bone altar of Kikubaaqudgha.
   280 | D        | Found a corrupted altar of Lugonu.
   281 | D        | Found a burning altar of Makhleb.
   282 | D        | Found a sparkling altar of Nemelex Xobeh.
   283 | D        | Found an iron altar of Okawaru.
   284 | D        | Found a stormy altar of Qazlal.
   285 | D        | Found a sacrificial altar of Ru.
   286 | D        | Found a shimmering blue altar of Sif Muna.
   287 | D        | Found a bloodstained altar of Trog.
   288 | D        | Became a worshipper of Lugonu the Unformed
   289 | D        | Found a hide-covered altar of Uskayaw.
   290 | D        | Found a radiant altar of Vehumet.
   291 | D        | Found an ornate altar of the Wu Jian Council.
   292 | D        | Found a shimmering altar of Xom.
   293 | D        | Found a basalt altar of Yredelemnul.
   294 | D        | Found a glowing silver altar of Zin.
   295 | D        | Found a glowing golden altar of the Shining One.
   346 | D        | Noticed a troll
   352 | D        | Killed a troll
   352 | D        | Reached skill level 8 in Staves
   352 | D        | Reached skill level 5 in Armour
   352 | D        | Gained mutation: You regenerate a little health from kills.
                  | [demonic ancestry]
   352 | D        | Reached XP level 6. HP: 25/52 MP: 5/8
   353 | D        | Reached ** piety under Lugonu
   360 | D        | Reached XP level 7. HP: 21/59 MP: 5/10
   572 | D        | Noticed a slime creature
   572 | D        | Noticed a brown ugly thing
   578 | D        | Reached *** piety under Lugonu
   596 | D        | Reached skill level 9 in Staves
   596 | D        | Reached skill level 5 in Invocations
   826 | D        | Got the ring "Haal Ell" {rElec rF+ rC+ Str-3 Int+4}
   839 | D        | Noticed a wyvern
   839 | D        | Noticed a cane toad
   851 | D        | Reached **** piety under Lugonu
   852 | D        | Killed a wyvern
   852 | D        | Gained mutation: You are mostly covered in molten scales.
                  | (AC +3) [demonic ancestry]
   852 | D        | Reached XP level 8. HP: 53/67 MP: 12/12
   854 | D        | Noticed a rime drake
   863 | D        | Killed a cane toad
   863 | D        | Reached skill level 10 in Staves
   873 | D        | Killed a rime drake
   876 | D        | Reached ***** piety under Lugonu
  1072 | D        | Noticed a cane toad
  1072 | D        | Noticed a hippogriff
  1072 | D        | Noticed a six-headed hydra
  1077 | D        | Reached skill level 11 in Staves
  1082 | D        | Noticed a polar bear
  1085 | D        | Noticed a blink frog
  1086 | D        | Killed a hippogriff
  1086 | D        | Received a gift from Lugonu
  1086 | D        | Gained mutation: You regenerate health from kills. [demonic
                  | ancestry]
  1086 | D        | Reached XP level 9. HP: 59/75 MP: 15/15
  1092 | D        | Noticed a komodo dragon
  1105 | D        | Killed a six-headed hydra
  1107 | D        | Killed a cane toad
  1107 | D        | Reached skill level 12 in Staves
  1107 | D        | Reached skill level 10 in Invocations
  1261 | D        | Noticed a cane toad
  1262 | D        | Noticed a tyrant leech
  1269 | D        | Killed a cane toad
  1270 | D        | Gained mutation: You are completely covered in molten
                  | scales. (AC +4, rF+) [demonic ancestry]
  1270 | D        | Reached XP level 10. HP: 83/85 MP: 16/18
  1280 | D        | Reached skill level 10 in Fighting
  1402 | D        | Reached skill level 13 in Staves
  1461 | D        | Reached ****** piety under Lugonu
  1475 | D        | Received a gift from Lugonu
  1482 | D        | Received a gift from Lugonu
  1500 | D        | Received a gift from Lugonu
  1554 | D        | Noticed an orc knight
  1556 | D        | Noticed an orc knight
  1567 | D        | Killed an orc knight
  1571 | D        | Noticed an orc knight
  1578 | D        | Reached skill level 10 in Dodging
  1591 | D        | Killed an orc knight
  1746 | D        | Found Upparot's Jewellery Emporium.
  1746 | D        | Noticed an orc sorcerer
  1746 | D        | Noticed an orc sorcerer
  1746 | D        | Noticed an orc sorcerer
  1750 | D        | Noticed an orc sorcerer
  1752 | D        | Noticed a smoke demon
  1752 | D        | Killed an orc sorcerer
  1755 | D        | Killed an orc sorcerer
  1755 | D        | Reached skill level 14 in Staves
  1755 | D        | Reached skill level 10 in Armour
  1756 | D        | Paralysed by an orc sorcerer for 2 turns
  1760 | D        | Found Xapy's Antique Armour Shoppe.
  1762 | D        | Killed an orc sorcerer
  1763 | D        | Noticed an orc sorcerer
  1764 | D        | Killed an orc sorcerer
  1764 | D        | Gained mutation: You are immune to rotting. [demonic
                  | ancestry]
  1764 | D        | Reached XP level 11. HP: 93/93 MP: 20/20
  1768 | D        | Found Ograkhia's Jewellery Emporium.
  1770 | D        | Paralysed by an orc sorcerer for 3 turns
  1774 | D        | Killed an orc sorcerer
  1774 | D        | Received a gift from Lugonu
  1775 | D        | Found Panappoh's Book Shoppe.
  1779 | D        | Noticed an orc sorcerer
  1781 | D        | Noticed an orc sorcerer
  1782 | D        | Noticed an orc sorcerer
  1787 | D        | Noticed a soul eater
  1788 | D        | Killed an orc sorcerer
  1794 | D        | Killed an orc sorcerer
  1794 | D        | Received a gift from Lugonu
  1796 | D        | Killed an orc sorcerer
  1802 | D        | Received a gift from Lugonu
  1899 | D        | Bought a manual of Staves for 1435 gold pieces
  1922 | D        | Noticed Harold
  1940 | D        | Killed Harold
  1940 | D        | Reached skill level 15 in Staves
  2163 | D        | Noticed a great orb of eyes
  2178 | D        | Noticed a fire giant
  2180 | D        | Noticed a red ugly thing
  2182 | D        | Noticed a vampire mage
  2187 | D        | Noticed a rakshasa
  2188 | D        | Noticed a wizard
  2191 | D        | Noticed a frost giant
  2192 | D        | Noticed a deep troll shaman
  2205 | D        | Killed a wizard
  2209 | D        | Killed a deep troll shaman
  2216 | D        | Killed a rakshasa
  2603 | D        | Received a gift from Lugonu
  2603 | D        | Reached skill level 16 in Staves
  2604 | D        | Found the +0 Maxwell's etheric cage {RegenMP+ *Contam rElec
                  | Stlth-}
  2648 | D        | Noticed a naga warrior
  2648 | D        | Noticed a nagaraja
  2648 | D        | Noticed a naga ritualist
  2649 | D        | Noticed a shock serpent
  2663 | D        | Mangled by a naga warrior

Skill      XL: |  1  2  3  4  5  6  7  8  9 10 11 |
---------------+----------------------------------+-----
Staves         | 4 5 6 8 9 11 12 14 16 | 16.1
Throwing       | 2 3 4 |  4.8
Dodging        | 3 4 5 6 7 8 9 10 11 | 11.5
Fighting       | 3 4 6 7 8 9 11 12 | 12.2
Armour         | 1 3 4 5 6 7 8 10 11 | 11.1
Invocations    | 3 4 6 8 10 12 14 | 14.1

Action                   |  1- 3 |  4- 6 |  7- 9 | 10-12 || total
-------------------------+-------+-------+-------+-------++-------
Melee: Quarterstaff      |    24 |     8 |    16 |       ||    48
       Kick              |     1 |     1 |       |       ||     2
       Lajatang          |       |    13 |   102 |   225 ||   340
  Use: Potion            |     1 |       |     7 |     4 ||    12
       Scroll            |       |       |       |     4 ||     4
  Eat: Chunk             |       |       |     1 |     3 ||     4
       Ration            |       |       |       |     1 ||     1
Armor: Leather armour    |     7 |     1 |       |       ||     8
       Chain mail        |       |     3 |    68 |    34 ||   105
       Scale mail        |       |       |       |    26 ||    26
Dodge: Dodged            |    12 |    12 |    76 |    89 ||   189
       Deflected         |       |       |       |     6 ||     6
